 Dungeon Crawl Stone Soup version 0.25.0-9-g26727b657a (webtiles) character file.

Game seed: 6152190990468223836

106 xccam the Ruffian (level 4, 0/35 HPs)
             Began as a Draconian Transmuter on June 17, 2020.
             Slain by an orc wizard
             ... wielding a +0 dagger
              (5 damage)
             ... on level 3 of the Dungeon.
             The game lasted 00:02:35 (2106 turns).

xccam the Ruffian (Draconian Transmuter)            Turns: 2106, Time: 00:02:38

Health: 0/35       AC:  5    Str: 18    XL:     4   Next: 55%
Magic:  7/7        EV: 16    Int: 15    God:
Gold:   127        SH:  0    Dex: 11    Spells: 4/7 levels left

rFire    . . .     SeeInvis .     - Unarmed
rCold    . . .     Gourm    .   (no shield)
rNeg     . . .     Faith    .   (armour unavailable)
rPois    .         Spirit   .   (helmet restricted)
rElec    .         Reflect  .   (no cloak)
rCorr    .         Harm     .   (no gloves)
MR       .....                  (no boots)
Stlth    +.........             (no amulet)
HPRegen  0.11/turn              b - +6 ring of strength
MPRegen  0.10/turn              d - +4 ring of evasion

@: appendage (expiring)
A: unfitting armour, horns 2, cold-blooded, AC +5
a: End Transformation


You were on level 3 of the Dungeon.
You were hungry.
You had grown temporary horns.
You visited 1 branch of the dungeon, and saw 3 of its levels.

You collected 127 gold pieces.

Inventory:

Missiles
 a - 61 arrows
Armour
 v - a +0 buckler
Jewellery
 b - a +6 ring of strength (left hand)
 d - a +4 ring of evasion (right hand)
 g - an uncursed ring of protection from fire
Wands
 t - a wand of iceblast (9)
Scrolls
 e - a scroll of amnesia {unknown}
 j - 2 scrolls of identify {unknown}
 m - a scroll of enchant armour {unknown}
 n - 2 scrolls of teleportation {unknown}
 p - a scroll of remove curse {unknown}
 q - a scroll of noise {unknown}
Potions
 f - 2 potions of lignification {unknown}
 h - a potion of invisibility {unknown}
 i - a potion of magic {unknown}
 k - 3 potions of curing {unknown}
 l - a potion of haste {unknown}
 o - a potion of degeneration {unknown}
 r - a potion of brilliance {unknown}
 s - a potion of ambrosia {unknown}
Comestibles
 c - 4 rations


   Skills:
 - Level 1.1 Fighting
 - Level 1.7 Dodging
 + Level 5.4 Unarmed Combat
 - Level 2.0 Spellcasting
 - Level 2.0 Transmutations


You had 4 spell levels left.
You knew the following spells:

 Your Spells              Type           Power        Failure   Level  Hunger
a - Beastly Appendage     Tmut           #.....       10%         1    #......
b - Sticks to Snakes      Tmut           #.......     14%         2    ###....

Your spell library contained the following spells:

 Spells                   Type           Power        Failure   Level  Hunger
 Spider Form              Tmut/Pois      #.........   41%         3    ###....
 Ice Form                 Ice/Tmut       #.......     82%         4    #####..
 Blade Hands              Tmut           #.........   95%         5    ######.


Dungeon Overview and Level Annotations

Branches:
Dungeon (3/15)

Altars:
Elyvilon


Innate Abilities, Weirdness & Mutations

Your plain brown scales are hard. (AC +5)
You cannot fit into any form of body armour.
You are cold-blooded and may be slowed by cold attacks.
You have a pair of horns on your head.


Message History

Your headbutt misses the orc wizard. The orc wizard barely misses you.
You closely miss the orc wizard.
Your tail-slap misses the orc wizard.
The orc wizard hits you but does no damage.
Your transformation is almost over.
You hit the orc. You headbutt the orc.
The orc is heavily wounded.
The orc misses you.
A frilled lizard comes into view.
The orc wizard casts a spell.
The orc wizard seems to speed up.
The frilled lizard hisses angrily.
You punch the orc!
You kill the orc!
You hit the orc wizard but do no damage.
You headbutt the orc wizard.
The orc wizard is moderately wounded.
The orc wizard hits you with a +0 dagger.
* * * LOW HITPOINT WARNING * * *
The orc wizard hits you with a +0 dagger.
You die...

# #...... ##
#..... .#
#.....
.######
#..#l##
......#
#....#
#####.#
##..o####...
#.###
###oo......
#...####
#o####..[
###....###
#@# ####...#
#.#
###.###.###
###
#..##...##
.[#
##.####..##
#.##
#.....#..#
#<.###
#####..#.####
##>..##
##.#....#
###..#
#.####.#


You could see an orc wizard (fast), 3 orcs and a frilled lizard.

Vanquished Creatures
  3 adders
  An ooze (D:2)
  4 dart slugs (D:1)
  2 leopard geckos (D:2)
  7 orcs
  5 giant cockroaches
  7 goblins
  7 hobgoblins
  3 quokkas (D:2)
  5 bats
  2 frilled lizards (D:1)
  5 kobolds
  3 rats
54 creatures vanquished.

Notes
Turn   | Place    | Note
-------+----------+-------------------------------------------
     0 | D:1      | xccam the Draconian Transmuter began the quest for the Orb.
     0 | D:1      | Reached XP level 1. HP: 16/16 MP: 3/3
    56 | D:1      | Reached XP level 2. HP: 19/23 MP: 5/5
   275 | D:1      | Learned a level 2 spell: Sticks to Snakes
   438 | D:1      | Reached skill level 4 in Unarmed Combat
   581 | D:1      | Reached XP level 3. HP: 24/28 MP: 6/6
   934 | D:2      | Found a white marble altar of Elyvilon.
  1235 | D:2      | Reached XP level 4. HP: 32/35 MP: 7/7
  1236 | D:2      | Reached skill level 5 in Unarmed Combat
  2106 | D:3      | Slain by an orc wizard

Illustrated notes

Levels and vault maps discovered:
D:1:      minmay_arrival_radiant_lines, layout_loops_ring, amethyst_killhole
D:2:      layout_basic, elyvilon_altar_4
D:3:      layout_rooms, first_ration

Skill      XL: |  1  2  3  4 |
---------------+-------------+-----
Unarmed Combat | 4 5 |  5.4
Fighting       | |  1.1
Dodging        | |  1.7
Spellcasting   | |  2.0
Transmutations | |  2.0

Action                   |  1- 3 |  4- 6 || total
-------------------------+-------+-------++-------
Melee: Unarmed           |   129 |    65 ||   194
       Tailslap          |    12 |     6 ||    18
       Punch             |     2 |     1 ||     3
       Headbutt          |       |     5 ||     5
 Cast: Beastly Appendage |       |     2 ||     2
  Eat: Chunk             |     1 |     2 ||     3
Armor: Skin              |    37 |    14 ||    51
Dodge: Dodged            |    84 |    47 ||   131
